 Dungeon Crawl Stone Soup version 0.25-a0-399-gcf1075a (webtiles) character file.

Game seed: 5460879760677669487, levelgen mode: deterministic

28 Birdy the Cutter (level 2, -2/24 HPs)
             Began as a Centaur Assassin on Jan 8, 2020.
             Slain by Terence
             ... wielding a +2 flail of protection
              (7 damage)
             ... on level 2 of the Dungeon.
             The game lasted 00:02:58 (1357 turns).

Birdy the Cutter (Centaur Assassin)                 Turns: 1357, Time: 00:02:58

Health: -2/24      AC:  5    Str: 13    XL:     2   Next: 96%
Magic:  2/2        EV:  9    Int: 10    God:
Gold:   12         SH:  0    Dex: 10    Spells: 1/1 levels left

rFire    . . .     SeeInvis .   k - +2 dagger (vamp)
rCold    . . .     Gourm    .   (no shield)
rNeg     . . .     Faith    .   b - +0 robe
rPois    .         Spirit   .   (no helmet)
rElec    .         Reflect  .   c - +0 cloak
rCorr    .         Harm     .   (no gloves)
MR       .....                  (no barding)
Stlth    ++........             (no amulet)
HPRegen  0.08/turn              (no ring)
MPRegen  0.08/turn              (no ring)

@: very quick
A: large, hooves 3, deformed body, speed 2, tough skin 3
a: no special abilities


You were on level 2 of the Dungeon.
You were hungry.

You visited 1 branch of the dungeon, and saw 2 of its levels.

You collected 12 gold pieces.

Inventory:

Hand Weapons
 k - a +2 vampiric dagger (weapon)
Missiles
 d - 8 poisoned darts (quivered)
 e - 2 curare-tipped darts
Armour
 b - a +0 robe (worn)
 c - a +0 cloak (worn)
 j - a +0 leather armour
Scrolls
 g - 2 scrolls of identify
 h - 2 scrolls of remove curse
 i - a scroll of fog
Comestibles
 f - a ration


   Skills:
 - Level 2.0 Fighting
 * Level 2.8 Short Blades
 - Level 2.1 Throwing
 - Level 0.6 Dodging
 + Level 2.6 Stealth


You had one spell level left.
You didn't know any spells.
Your spell library was empty.

Dungeon Overview and Level Annotations

Branches:
Dungeon (2/15)

Altars:

Annotations:
D:2 Terence


Innate Abilities, Weirdness & Mutations

You have hooves in place of feet.
Armour fits poorly on your strangely shaped body.
You cover ground very quickly.
You have extremely tough skin. (AC +3)


Message History

You hit Terence but do no damage.
Terence is almost dead.
Terence hits you with a +2 flail of protection.
* * * LOW HITPOINT WARNING * * *
You hit Terence but do no damage. Your kick misses Terence.
Terence is almost dead.
Terence barely misses you.
You closely miss Terence.
Terence is almost dead.
Terence hits you with a +2 flail of protection.
* * * LOW HITPOINT WARNING * * *
You closely miss Terence.
Terence is almost dead.
You hit Terence but do no damage.
Terence is almost dead.
Terence hits you but does no damage.
You closely miss Terence. You kick Terence, but do no damage.
Terence is almost dead.
Terence hits you with a +2 flail of protection!
You die...

#** #...# **,,,*,,,********* **
####.#.###.,*****,,,,,,,,,*****
##...........* *********,,,,,,
##....##......** *******
...@#####......*#### .#..#
*#..##.,,..### ****** ...##
*..#****#...######*,,,,*
.#################....(....,,,,,,
......@........@@...†..#**,,,,,,*
##################.....# **,,,,**
####### ******


You could see Terence.

Vanquished Creatures
  A worm (D:2)
  A dart slug (D:1)
  A leopard gecko (D:1)
  2 goblins (D:1)
  3 hobgoblins
  2 bats (D:1)
  4 frilled lizards
  6 kobolds (D:1)
  2 rats (D:1)
22 creatures vanquished.

Notes
Turn   | Place    | Note
-------+----------+-------------------------------------------
     0 | D:1      | Birdy the Centaur Assassin began the quest for the Orb.
     0 | D:1      | Reached XP level 1. HP: 17/17 MP: 1/1
   319 | D:1      | Reached XP level 2. HP: 24/24 MP: 2/2
  1242 | D:2      | Noticed Terence
  1308 | D:2      | HP: 1/24 [Terence/+2 flail of protection (7)]
  1357 | D:2      | Slain by Terence

Levels and vault maps discovered:
D:1:      dpeg_arrival_central, layout_basic
D:2:      layout_rooms, chequers_ecumenical_altar_lobes, first_ration,
          uniq_crazy_yiuf_cottage, uniq_sigmund, uniq_terence

Skill      XL: |  1 |
---------------+----+-----
Short Blades   | 2 |  2.8
Fighting       | |  2.0
Throwing       | |  2.1
Dodging        | |  0.6
Stealth        | |  2.6

Action                   || total
-------------------------++-------
Melee: Dagger            ||   104
       Kick              ||    14
  Use: Scroll            ||     5
       Potion            ||     3
 Stab: Sleeping          ||     1
Armor: Robe              ||    32
Dodge: Dodged            ||    29

Table legend:
 A = Non-vault XP
 B = Vault XP
 C = Vault XP percentage of total XP
 D = Non-vault monster count
 E = Vault monster count
 F = Vault count percentage of total count
                 A         B        C        D         E       F
            +---------+---------+-------+---------+---------+-------
      Total |      40 |       0 |   0.0 |      22 |       0 |   0.0
            +---------+---------+-------+---------+---------+-------
        D:1 |      30 |       0 |   0.0 |      18 |       0 |   0.0
        D:2 |      10 |       0 |   0.0 |       4 |       0 |   0.0
            +---------+---------+-------+---------+---------+-------
